 Dungeon Crawl Stone Soup version 0.30.1-4-g462c640d31 (webtiles) character file.

Game seed: 8735064718570616858

97012 Zeor the Stickfighter (level 16, -31/108 HPs)
             Began as a Gargoyle Gladiator on Aug 29, 2023.
             Was the Champion of Zin.
             Annihilated by a very large slime creature (42 damage)
             ... summoned by an orange crystal statue
             ... in an ice cave.
             The game lasted 01:55:54 (23016 turns).

Zeor the Stickfighter (Gargoyle Gladiator)         Turns: 23016, Time: 01:55:55

Health: -31/108    AC: 29    Str: 31      XL:     16   Next: 18%
Magic:  0/25       EV: 12    Int:  7 (10) God:    Zin [******]
Gold:   699        SH:  0    Dex: 11      Spells: 15/15 levels left

rFire   + . .        a - +1 quarterstaff
rCold   + + +        (shield currently unavailable)
rNeg    + . .        o - +3 scale mail {rC+}
rPois   ∞            F - +2 helmet {SInv}
rElec   +            T - scarf {rC+ rF+}
rCorr   .            t - +0 pair of gloves {infuse}
SInv    +            (no boots)
Will    +....        q - amulet of regeneration
Stlth   +            I - +6 ring of strength
HPRegen 1.18/turn    V - ring of protection from cold
MPRegen 0.19/turn

%: no passive effects
@: mighty, flying, studying Short Blades
A: sickness immunity, AC +12, big wings, negative energy resistance 1,
electricity resistance, torment resistance 1, petrification resistance
a: Renounce Religion, Recite, Vitalisation, Imprison, Sanctuary, Donate Gold


You were in an ice cave.
You worshipped Zin.
Zin was exalted by your worship.
You visited 4 branches of the dungeon, and saw 23 of its levels.
You also visited: Ice Cave.

You collected 2379 gold pieces.
You spent 1144 gold pieces at shops.
You donated 536 gold pieces to Zin.

Inventory:

Hand Weapons
 a - a +1 quarterstaff (weapon)
 b - a +3 scimitar of flaming
 N - the +8 frozen axe "Frostbite" {freeze, freezing cloud, *Noise Fly rC+}
   (You found it in an ice cave)

   rC:        It protects you from cold.
   Fly:       It grants you flight.
   *Noise:    It may make noises in combat.
 Q - a +2 vampiric lajatang
Missiles
 e - a javelin
 g - 32 poisoned darts
 m - 7 curare-tipped darts
 y - 33 boomerangs (quivered)
 A - 2 throwing nets
 R - 2 silver boomerangs
 U - 4 silver javelins
Armour
 c - a +0 cloak of preservation
 h - the +1 chain mail "Ebrepege" {Harm rN+ Int-2 Slay+5}
   (You found it on level 1 of the Lair of Beasts)

   Int:       It affects your intelligence (-2).
   Slay:      It affects your accuracy & damage with ranged weapons and melee
   (+5).
   rN:        It protects you from negative energy.
   Harm:      It increases damage dealt and taken.
 i - a +1 plate armour
 o - a +3 scale mail of cold resistance (worn)
 t - a +0 pair of gloves of infusion (worn)
 F - a +2 helmet of see invisible (worn)
 J - the +18 Lear's hauberk
   (You found it on level 1 of the Lair of Beasts)
 T - a scarf of resistance (worn)
Jewellery
 k - the ring of Amous {Ice Dex+3}
   (You took it off a tengu warrior on level 13 of the Dungeon)

   [ring of ice]

   It enhances your ice magic.
   Dex:       It affects your dexterity (+3).
   rF:        It makes you vulnerable to fire.
   rC:        It protects you from cold.
 q - an amulet of regeneration (around neck)
 D - a ring of protection from fire
 G - the ring of the Robin {rF+ Str+3 SInv}
   (You took it off a skeletal warrior on level 13 of the Dungeon)

   [ring of protection from fire]

   Str:       It affects your strength (+3).
   rF:        It protects you from fire.
   SInv:      It lets you see invisible.
 I - a +6 ring of strength (left hand)
 M - a ring of protection from fire
 V - a ring of protection from cold (right hand)
Wands
 f - a wand of flame (36)
 n - a wand of light (10)
 B - a wand of roots (21)
 E - a wand of charming (7)
Scrolls
 j - a scroll of immolation
 l - 2 scrolls of teleportation
 r - 4 scrolls of vulnerability
 w - 3 scrolls of magic mapping
 z - 3 scrolls of identify
 H - 2 scrolls of fog
 O - 3 scrolls of blinking
 P - a scroll of enchant weapon
 S - a scroll of fear
 W - 3 scrolls of enchant armour
 Z - 3 scrolls of poison
Potions
 d - 2 potions of resistance
 p - 4 potions of mutation
 s - 4 potions of ambrosia
 u - 3 potions of magic
 v - 4 potions of attraction
 x - 10 potions of curing
 C - a potion of berserk rage
 K - a potion of might
 L - 5 potions of heal wounds
 X - a potion of haste
 Y - 2 potions of cancellation


   Skills:
 + Level 15.2 Fighting
 + Level 2.8 Long Blades
 + Level 16.9 Staves
 * Level 5.4 Throwing
 + Level 12.2 Armour
 + Level 5.8 Dodging
 + Level 5.0 Stealth
 * Level 12.7 Invocations
 + Level 0.3 Evocations


You had 15 spell levels left.
You didn't know any spells.
Your spell library contained the following spells:

 Spells                   Type           Power      Damage    Failure   Level
 Apportation              Tloc           0%         N/A       63%         1
 Necrotise                Necr           0%         1d4       63%         1
 Slow                     Hex            0%         N/A       63%         1
 Summon Small Mammal      Summ           0%         N/A       63%         1
 Blink                    Tloc           0%         N/A       77%         2
 Ensorcelled Hibernation  Hex/Ice        0%         N/A       77%         2
 Lesser Beckoning         Tloc           0%         N/A       77%         2
 Momentum Strike          Conj/Tloc      0%         3d8       77%         2
 Poisonous Vapours        Pois/Air       0%         N/A       77%         2
 Confusing Touch          Hex            0%         N/A       94%         3
 Gell's Gravitas          Tloc           0%         N/A       94%         3
 Mephitic Cloud           Conj/Pois/Air  0%         N/A       94%         3
 Ozocubu's Armour         Ice            0%         N/A       94%         3
 Teleport Other           Tloc           0%         N/A       94%         3
 Vampiric Draining        Necr           0%         2d6       94%         3
 Fulminant Prism          Conj/Hex       0%         3d5       100%        4
 Fireball                 Conj/Fire      0%         3d3       100%        5
 Freezing Cloud           Conj/Ice/Air   0%         6-21      100%        5
 Iskenderun's Battlesphe  Conj           0%         2d6       100%        5
 Lee's Rapid Deconstruct  Erth           0%         3d4*      100%        5
 Conjure Ball Lightning   Conj/Air       0%         3x3d6     100%        6
 Dispersal                Tloc           0%         N/A       100%        6
 Orb of Destruction       Conj           0%         9d5       100%        7
 Ozocubu's Refrigeration  Ice            0%         4d7       100%        7


Dungeon Overview and Level Annotations

Branches:
Dungeon (15/15)            Temple (1/1) D:4            Lair (5/5) D:8
  Swamp (0/4) Lair:2        Snake (0/4) Lair:3        Slime (0/5) Lair:5
    Orc (2/2) D:9             Elf (0/3) Orc:2        Vaults (0/5) D:13
  IceCv (1/1)
 Depths: D:15

Altars:
Ashenzari
Cheibriados
Dithmenos
Elyvilon
Fedhas
Gozag
Hepliaklqana
Kikubaaqudgha
Makhleb
Nemelex Xobeh
Okawaru
Qazlal
Ru
Sif Muna
Trog
Uskayaw
Vehumet
Wu Jian
Xom
Yredelemnul
Zin
The Shining One

Shops:
D:1 (   D:6 [   D:13 *   D:14 [   Orc:2 (**=

Annotations:
D:14 exclusion: orange crystal statue
Temple 2 transporters IceCv exclusion: orange crystal statue


Innate Abilities, Weirdness & Mutations

You are immune to sickness and miasma.
Your stone body is resilient. (AC +12)
You are immune to poison.
Your large and strong wings let you fly.
You resist negative energy. (rN+)
You are resistant to electric shocks. (rElec)
You are resistant to unholy torment.
You are immune to petrification.


Message History

The slime creature hits you.
You sock the slime creature!
The slime creature is almost dead.
You hit the slime creature.
The slime creature is almost dead.
Two slime creatures merge to form an enormous slime creature.
The large slime creature hits you!
You hit the large slime creature.
The large slime creature is lightly wounded.
You hit the large slime creature.
The large slime creature is lightly wounded.
The large slime creature closely misses you.
You sock the large slime creature!
The large slime creature is lightly wounded.
The enormous slime creature completely misses you.
The large slime creature hits you but does no damage.
You sock the large slime creature!
The large slime creature is moderately wounded.
You bludgeon the large slime creature!!
The large slime creature is heavily wounded.
Two slime creatures merge to form a very large slime creature.
The enormous slime creature hits you but does no damage.
You bludgeon the very large slime creature!!
The very large slime creature is heavily wounded.
You bludgeon the very large slime creature!!
The very large slime creature is severely wounded.
The enormous slime creature hits you!!! Zin protects you from harm!
You bludgeon the very large slime creature!!
The very large slime creature is severely wounded.
An enormous slime creature splits.
The very large slime creature hits you!!!
* * * LOW HITPOINT WARNING * * *
You bludgeon the large slime creature!!
The large slime creature is heavily wounded.
You bludgeon the very large slime creature!!
The very large slime creature is almost dead.
The large slime creature hits you but does no damage.
The very large slime creature hits you!!!
You die...

▒▒∙∙∙▒▒ ▒∙∙∙∙∙▒▒
▒▒∙∙∙∙∙∙▒
▒∙∙∙∙∙∙∙▒
▒∙∙∙∙▒∙∙▒▒
▒∙∙J▒▒∙∙∙▒▒
▒∙J▒▒▒▒∙∙∙▒
▒∙∙▒▒∙▒▒JJ▒▒
▒∙∙▒▒∙[▒▒9J▒
▒∙∙∙▒)[∙▒∙∙▒
▒∙∙∙▒▒∙∙▒▒∙▒▒
▒∙∙∙∙▒∙∙▒▒∙∙▒
▒▒▒∙∙▒▒∙∙▒∙∙▒ ▒▒▒
▒∙∙∙▒∙∙▒▒∙▒▒▒▒∙▒▒
▒▒∙∙▒▒∙∙▒∙∙▒▒∙∙∙▒
▒∙∙▒▒∙∙▒∙∙∙∙∙∩∩▒
▒∙∙▒∙∙∙▒∙∙▒▒∙∙∙▒


You could see a very large slime creature (summoned) and 2 large slime
creatures.

Vanquished Creatures
  Kirke (Lair:5)
  4 quicksilver oozes (IceCv)
  Snorg (D:10)
  Josephine (D:10)
  Erolcha (D:11)
  6 hydras
  An ice dragon (D:13)
  An ogre mage (D:12)
  Erica (D:8)
  6 centaur warriors
  5 catoblepae
  The ghost of croobank the Chucker, a novice AtMo of Okawaru (D:9)
  4 boulder beetles
  A death knight (D:13)
  7 two-headed ogres
  7 death yaks (Lair:5)
  5 tengu warriors
  Amaemon (D:8)
  2 skysharks
  A skeletal warrior (D:13)
  A deep troll (D:13)
  A phantasmal warrior (D:13)
  Pikel (D:8)
  7 orc sorcerers (Orc:2)
  A mana viper (D:13)
  5 ugly things (D:14)
  6 manticores
  7 cyclopes
  12 elephants
  A black mamba (shapeshifter) (D:13)
  5 black mambas
  Maggie (D:9)
  An orange demon (D:8)
  Psyche (D:12)
  2 gargoyles
  A rime drake (Lair:1)
  15 cane toads
  11 komodo dragons
  4 kobold demonologists
  2 unseen horrors (D:10)
  2 efreet
  10 trolls
  A meliai (D:13)
  A meliai (shapeshifter) (D:13)
  A polar bear (Lair:3)
  A hornet (D:8)
  15 blink frogs
  25 slime creatures
  The ghost of Xrynn the Sneak, an amateur SpEn (D:4)
  5 wraiths (D:10)
  59 yaks
  A vampire (D:11)
  A basilisk (Lair:5)
  A human (shapeshifter) (D:13)
  10 vampire mosquitoes
  2 steam dragons
  A redback (shapeshifter) (D:13)
  A basilisk (shapeshifter) (D:13)
  10 wargs
  Menkaure (D:6)
  An acid dragon (D:14)
  12 water moccasins
  6 sky beasts
  2 black bears
  14 orc warriors
  4 boggarts (D:14)
  2 great orb of eyes simulacra (IceCv)
  12 ogres
  12 centaurs
  18 wolves
  A lemure (D:8)
  2 slime creature simulacra (IceCv)
  A phantom (D:5)
  3 kobold brigands
  12 bullfrogs
  2 scorpions (D:7)
  3 glowing shapeshifter simulacra (IceCv)
  8 wights
  An electric eel (Lair:3)
  7 howler monkeys
  A crimson imp (D:6)
  4 lava snakes
  A hound (D:5)
  17 orc priests
  4 jellies
  A gnoll bouda (D:5)
  2 sleepcaps
  Natasha (thrice) (D:3)
  4 iguanas
  46 orc wizards
  5 gnolls
  5 adders
  A shadow imp (D:6)
  2 worms
  A dart slug (D:3)
  107 orcs
  9 bats
  3 endoplasms
  3 giant cockroaches
  6 goblins
  8 hobgoblins
  9 jackals
  5 quokkas
  4 ball pythons
  5 frilled lizards
  10 kobolds
  8 rats
688 creatures vanquished.

Vanquished Creatures (others)
  5 humans (Lair:5)
  An orc wizard (Orc:2)
6 creatures vanquished.

Grand Total: 694 creatures vanquished

Notes
Turn   | Place    | Note
-------+----------+-------------------------------------------
     0 | D:1      | Zeor the Gargoyle Gladiator began the quest for the Orb.
     0 | D:1      | Reached XP level 1. HP: 12/12 MP: 1/1
   100 | D:1      | Reached XP level 2. HP: 17/17 MP: 2/2
   158 | D:1      | Found a transporter.
   158 | D:1      | Found Xuutoip's Antique Weapon Emporium.
   192 | D:1      | Reached XP level 3. HP: 21/22 MP: 3/3
   202 | D:1      | Found a transporter.
   632 | D:2      | Reached skill level 4 in Staves
   933 | D:2      | Reached XP level 4. HP: 25/27 MP: 4/4
  1634 | D:3      | Noticed Natasha
  1642 | D:3      | Killed Natasha
  1643 | D:3      | Reached skill level 1 in Armour
  1657 | D:3      | Found a white marble altar of Elyvilon.
  1879 | D:3      | Noticed Natasha
  1890 | D:3      | Killed Natasha
  1891 | D:3      | Reached XP level 5. HP: 31/31 MP: 5/5
  2093 | D:3      | Found a basalt altar of Yredelemnul.
  2152 | D:3      | Noticed Natasha
  2161 | D:3      | Killed Natasha
  2162 | D:3      | Reached skill level 5 in Staves
  2235 | D:4      | Noticed an ogre
  2270 | D:4      | Killed an ogre
  2271 | D:4      | Reached XP level 6. HP: 15/36 MP: 6/6
  2485 | D:4      | Reached skill level 6 in Staves
  2524 | D:4      | Found a runed translucent gate.
  2525 | D:4      | Found a runed translucent gate.
  2525 | D:4      | Found a runed translucent gate.
  2535 | D:4      | Noticed Xrynn's ghost (amateur SpEn)
  2780 | D:4      | Found a staircase to the Ecumenical Temple.
  2792 | D:4      | Reached XP level 7. HP: 21/42 MP: 7/7
  2872 | Temple   | Entered the Ecumenical Temple
  2872 | Temple   | Found a transporter.
  2872 | Temple   | Found a transporter.
  2874 | Temple   | Found a transporter.
  2874 | Temple   | Found a transporter.
  2888 | Temple   | Became a worshipper of Zin the Law-Giver
  2888 | Temple   | Reached * piety under Zin
  2917 | D:4      | Found a stormy altar of Qazlal.
  2957 | D:4      | Found an iron altar of Okawaru.
  3000 | D:4      | Found an ancient bone altar of Kikubaaqudgha.
  3087 | D:5      | Entered Level 5 of the Dungeon
  3088 | D:5      | Noticed a kobold demonologist
  3094 | D:5      | Noticed a kobold demonologist
  3102 | D:5      | Noticed a red devil
  3108 | D:5      | Killed a kobold demonologist
  3109 | D:5      | Reached skill level 7 in Staves
  3109 | D:5      | Reached skill level 1 in Invocations
  3115 | D:5      | Killed a kobold demonologist
  3116 | D:5      | Reached skill level 8 in Staves
  3116 | D:5      | Reached XP level 8. HP: 25/48 MP: 7/9
  3547 | D:5      | Found a shimmering blue altar of Sif Muna.
  3591 | D:5      | Reached ** piety under Zin
  3624 | D:5      | Reached skill level 9 in Staves
  4109 | D:6      | Found Defuul's Armour Emporium.
  4117 | D:6      | Bought a +0 pair of gloves for 63 gold pieces
  4177 | D:6      | Reached XP level 9. HP: 52/53 MP: 11/11
  4326 | D:6      | Reached *** piety under Zin
  4381 | D:6      | Reached skill level 5 in Fighting
  4461 | D:6      | Noticed Menkaure
  4471 | D:6      | Killed Menkaure
  4604 | D:6      | You fall into a shaft and drop 2 floors!
  4659 | D:7      | Reached skill level 10 in Staves
  4734 | D:7      | Noticed a five-headed hydra
  4760 | D:7      | Killed a five-headed hydra
  4765 | D:7      | Noticed a troll
  4767 | D:7      | Reached skill level 5 in Armour
  4824 | D:6      | Found a burning altar of Makhleb.
  5263 | D:6      | Found a snail-covered altar of Cheibriados.
  5541 | D:7      | Reached skill level 11 in Staves
  5541 | D:7      | Reached XP level 10. HP: 60/60 MP: 13/13
  5906 | D:7      | Found the +1 robe of Vines {NoPotionHeal Regen++++}
  5923 | D:7      | Reached skill level 5 in Invocations
  5980 | D:7      | Reached skill level 12 in Staves
  6270 | D:7      | Found a sacrificial altar of Ru.
  6320 | D:8      | Found a radiant altar of Vehumet.
  6326 | D:8      | Noticed Erica
  6505 | D:8      | Killed Erica
  6512 | D:8      | Noticed Pikel
  6540 | D:8      | Killed Pikel
  6966 | D:8      | Found a broken altar of Ashenzari.
  6970 | D:8      | Noticed Amaemon
  6970 | D:8      | Noticed an orange demon
  6988 | D:8      | Killed Amaemon
  6989 | D:8      | Reached skill level 13 in Staves
  6989 | D:8      | Reached XP level 11. HP: 66/66 MP: 4/15
  7116 | D:8      | Found a hide-covered altar of Uskayaw.
  7252 | D:8      | Found a staircase to the Lair.
  7908 | D:6      | Bought a +2 helmet of see invisible for 301 gold pieces
  8232 | D:4      | Killed Xrynn's ghost
  8527 | D:9      | Found a staircase to the Orcish Mines.
  8546 | D:9      | Reached **** piety under Zin
  8559 | D:9      | Found an ornate altar of the Wu Jian Council.
  8587 | D:9      | Noticed Maggie
  8600 | D:9      | Killed Maggie
  8677 | D:9      | Found a runed translucent door.
  8685 | D:9      | Noticed croobank's ghost (novice AtMo)
  9071 | Lair:1   | Entered Level 1 of the Lair of Beasts
  9073 | Lair:1   | Identified the +1 chain mail "Ebrepege" {Harm rN+ Int-2
                  | Slay+5}
  9178 | Lair:1   | Reached skill level 14 in Staves
  9211 | Lair:1   | Found the +18 Lear's hauberk
  9826 | Lair:1   | Reached XP level 12. HP: 53/73 MP: 17/17
  9911 | Lair:1   | Donated 91 gold pieces to Zin
 10181 | Lair:1   | Reached ***** piety under Zin
 10521 | Lair:2   | Found a staircase to the Swamp.
 10555 | Lair:2   | Noticed a skyshark
 10573 | Lair:2   | Killed a skyshark
 10926 | Lair:2   | Got the Vademecum on Stones and Ensorcelling
 11294 | Lair:2   | Reached skill level 15 in Staves
 12065 | Lair:3   | Noticed a four-headed hydra
 12079 | Lair:3   | Killed a one-headed hydra
 12108 | Lair:3   | Reached XP level 13. HP: 82/82 MP: 19/19
 12211 | Lair:3   | Found a staircase to the Snake Pit.
 12574 | Lair:4   | Reached skill level 10 in Fighting
 12574 | Lair:4   | Reached skill level 1 in Long Blades
 13260 | Lair:4   | Reached ****** piety under Zin
 13456 | Lair:5   | Entered Level 5 of the Lair of Beasts
 13564 | Lair:4   | Reached skill level 1 in Stealth
 13589 | Lair:4   | HP: 3/82 [wolf (5)]
 13661 | Lair:5   | Reached skill level 10 in Armour
 13912 | Lair:5   | Reached skill level 10 in Invocations
 14445 | Lair:5   | Found a staircase to the Slime Pits.
 14723 | Lair:5   | Gained mutation: Your large and strong wings let you fly.
                  | [Gargoyle growth]
 14723 | Lair:5   | Reached XP level 14. HP: 75/91 MP: 21/21
 14737 | Lair:5   | Donated 250 gold pieces to Zin
 15015 | Lair:5   | Noticed Kirke
 15037 | Lair:5   | Killed Kirke
 15768 | D:9      | Killed croobank's ghost
 15807 | Orc:1    | Entered Level 1 of the Orcish Mines
 15995 | Orc:2    | Entered Level 2 of the Orcish Mines
 16079 | Orc:2    | Reached skill level 5 in Dodging
 16644 | Orc:2    | Found Eschuako's Assorted Antiques.
 16644 | Orc:2    | Found Satih's Jewellery Emporium.
 16740 | Orc:2    | Found Qolotige's Assorted Antiques.
 16740 | Orc:2    | Found Noqittach's Antique Weapon Boutique.
 16746 | Orc:2    | Bought a glowing lajatang for 558 gold pieces
 16757 | Orc:2    | Bought a scroll labelled NONYESYHOOGG for 21 gold pieces
 16814 | Orc:2    | Found a staircase to the Elven Halls.
 17351 | Orc:1    | Reached skill level 16 in Staves
 17689 | D:10     | Entered Level 10 of the Dungeon
 17794 | D:10     | Noticed Snorg
 17818 | D:10     | Killed Snorg
 17875 | D:10     | Noticed Josephine
 17928 | D:10     | Killed Josephine
 18087 | D:10     | Found an opulent altar of Gozag.
 18290 | D:10     | Found a shimmering altar of Xom.
 18293 | D:10     | Found a shimmering altar of Xom.
 18295 | D:10     | Found a shimmering altar of Xom.
 18295 | D:10     | Found a shimmering altar of Xom.
 18296 | D:10     | Found a shimmering altar of Xom.
 18547 | D:11     | Noticed Erolcha
 18559 | D:11     | Killed Erolcha
 18856 | D:11     | Reached XP level 15. HP: 100/100 MP: 23/23
 18883 | D:11     | Found a shadowy altar of Dithmenos.
 18959 | D:11     | Identified the +6 rapier of Piumir {heavy, rPois rF- Str+5
                  | Int+3}
 19132 | D:12     | Identified the +3 long sword "Naehoy" {spect, Fly rC+}
 19478 | D:12     | Identified the +3 mace of Exquisite Torment {flame, rF+
                  | Int+3 Dex+4}
 19478 | D:12     | Noticed Psyche
 19489 | D:12     | Killed Psyche
 20089 | D:13     | Identified the +1 robe of Elyvilon's Reproof {*Corrode Fly
                  | Dex-5 Slay+4}
 20326 | D:13     | Found a runed translucent door.
 20352 | D:13     | Identified the ring of the Robin {rF+ Str+3 SInv}
 20357 | D:13     | Identified the ring of Amous {Ice Dex+3}
 20395 | D:13     | Found a runed translucent door.
 20451 | D:13     | Identified the amulet of Anoixtu {Faith -Cast +Inv rPois
                  | Dex+4}
 20459 | D:13     | Identified the ring of Turchiyqu {Ice Stlth+}
 20639 | D:13     | Found Estuskeorr's Serpentskin Sales.
 20659 | D:13     | Bought a scroll of poison for 40 gold pieces
 21080 | D:13     | Reached skill level 5 in Stealth
 21110 | D:13     | Found a gate to the Vaults.
 21886 | D:14     | Reached skill level 5 in Throwing
 21903 | D:14     | Reached skill level 15 in Fighting
 22111 | D:14     | Reached XP level 16. HP: 108/108 MP: 25/25
 22124 | D:14     | Found Etuismid's Armour Shop.
 22135 | D:14     | Bought a +0 cloak of preservation for 161 gold pieces
 22581 | D:15     | Entered Level 15 of the Dungeon
 22584 | D:15     | Found a frozen archway.
 22613 | IceCv    | Entered an ice cave
 22769 | IceCv    | Found the +8 frozen axe "Frostbite" {freeze, freezing
                  | cloud, *Noise Fly rC+}
 23013 | IceCv    | Zin protects you from harm!
 23016 | IceCv    | Annihilated by a very large slime creature

Illustrated notes

Levels and vault maps discovered:
D:1:      eino_arrival_cavern_d, layout_rooms, serial_shops,
          nicolae_shop_drivethru
D:2:      layout_loops_ring, serial_bayou, serial_bayou_pond_e,
          serial_bayou_lake_a, serial_bayou_pond_c, serial_bayou_pond_e
D:3:      layout_basic, nicolae_overflow_hidden_temple, elyvilon_altar_3,
          serial_curves, eino_curves_01, eino_curves_01, uniq_natasha
D:4:      layout_rooms, mainiacjoe_overflow_alcove_4, kennysheep_mini_moat,
          kennysheep_okawaru_gauntlet, minmay_temple_entry_statues_fountains,
          biasface_ghost_orc_armoury
D:5:      layout_basic, kennysheep_orc_sif_temple
D:6:      layout_basic, makhleb_grotto_becter, chei_slow_surprise,
          minmay_shop_grid_forest, uniq_menkaure
D:7:      layout_basic, nicolae_ru_the_path_less_chosen, kennysheep_diamond,
          hellmonk_guarded_unrand_vines
D:8:      layout_basic, nicolae_vehumet_radiance, mainiacjoe_overflow_big_doors,
          erik_lair_orcish_takeover, serial_bayou, serial_bayou_pond_a,
          serial_bayou_shore_b, serial_bayou_pond_e, serial_bayou_shore_b,
          ebering_dispersal_statue_hall, corexii_checkpoint_b, minivault_25,
          hangedman_glass_teeth, uniq_pikel, uniq_erica, uniq_amaemon
D:9:      layout_rooms, nicolae_wu_jian_immortal_techniques, orc_0_dummy,
          ebering_ghost_reflecting_pool, uniq_maggie
D:10:     layout_stronghold, mainiacjoe_overflow_24_doors, xom_redecorated,
          grunt_ogre_cave, uniq_josephine, uniq_snorg
D:11:     layout_rooms, serial_curves, eino_curves_04, eino_curves_04,
          eino_curves_03, dk_vineyard_2, grunt_dithmenos_smoke_and_mirrors,
          uniq_erolcha
D:12:     layout_basic, chequers_serial_rivers_micro_e, grunt_tough_drop,
          uniq_psyche
D:13:     minmay_the_grid_triangle_9x9_rhombus_full
          [minmay_the_grid_triangle_9x9_wacky_v,
          minmay_the_grid_triangle_9x9_skeleton,
          minmay_the_grid_triangle_9x9_dagger,
          minmay_the_grid_triangle_9x9_swiss_cheese,
          minmay_the_grid_triangle_9x9_windchime,
          minmay_the_grid_triangle_9x9_tough_junction,
          minmay_the_grid_triangle_9x9_thin_v,
          minmay_the_grid_triangle_9x9_prize_special], layout_gridville,
          david_vaults_4, guppyfry_shop_venom
D:14:     layout_irregular_city, serial_shops, shop, minmay_protected_statue
D:15:     gammafunk_depths_entry_grave, layout_loops_ring, nicolae_water_bricks,
          serial_ice, serial_ice_i, serial_ice_m, serial_ice_a, serial_ice_n,
          portal_ice_cave_entry_pillars_four, nrook_guardian_serpent_ordinary
Temple:   hellmonk_temple_divided_pantheon
Lair:1:   layout_regular_city, serial_bayou_pond_e, grunt_megastairs_4
Lair:2:   layout_cellular_growth, swamp_mist
Lair:3:   layout_gridlike, dummy_snake_entry
Lair:4:   layout_gridlike
Lair:5:   evilmike_catoblepas_cave, layout_cave_pods,
          minmay_slime_entry_pillars, uniq_kirke
Orc:1:    layout_caves
Orc:2:    st_orc_town, layout_caves, minmay_orc_temple_b
IceCv:    ice_cave_hellmonk_azure_passage

Skill      XL: |  1  2  3  4  5  6  7  8  9 10 11 12 13 14 15 |
---------------+----------------------------------------------+-----
Staves         | 4 5 6 8 9 11 13 14 15 16 | 16.9
Armour         | 1 2 3 5 6 7 9 10 11 12 | 12.2
Fighting       | 3 4 5 6 8 9 11 13 15 | 15.2
Invocations    | 2 4 5 7 9 10 11 12 | 12.7
Throwing       | 2 3 5 |  5.4
Dodging        | 3 4 5 |  5.8
Long Blades    | 2 |  2.8
Stealth        | 1 4 5 |  5.0
Evocations     | |  0.3

Action                     |  1- 3 |  4- 6 |  7- 9 | 10-12 | 13-15 | 16-18 || total
---------------------------+-------+-------+-------+-------+-------+-------++-------
  Melee: Quarterstaff      |   101 |   134 |   275 |   853 |  2125 |   176 ||  3664
         Scimitar          |       |       |       |    10 |    39 |       ||    49
         Executioner's axe |       |       |       |       |       |     7 ||     7
  Throw: Throwing net      |       |     2 |     2 |       |     2 |       ||     6
         Dart              |       |       |     2 |       |     4 |       ||     6
         Boomerang         |       |       |     3 |     1 |    14 |       ||    18
         Javelin           |       |       |       |     1 |    10 |       ||    11
 Invoke: Recite            |       |       |     3 |     4 |    25 |       ||    32
         Vitalisation      |       |       |     1 |     4 |     4 |       ||     9
         Donate Gold       |       |       |       |     1 |     1 |       ||     2
         Sanctuary         |       |       |       |       |     1 |       ||     1
  Evoke: Wand              |       |       |       |       |     6 |       ||     6
    Use: Scroll            |     4 |     2 |     7 |     8 |     8 |       ||    29
         Potion            |       |       |     4 |       |     5 |     1 ||    10
   Stab: Paralysed         |       |       |       |       |    20 |       ||    20
         Petrified         |       |       |       |       |    13 |       ||    13
         Confused          |       |       |       |       |    15 |       ||    15
         Petrifying        |       |       |       |       |     2 |       ||     2
         Invisible         |       |       |       |       |     1 |       ||     1
         Held in net/web   |       |       |       |       |     1 |       ||     1
 Armour: Leather armour    |     6 |       |       |       |       |       ||     6
         Plate armour      |    71 |    89 |   205 |   195 |       |       ||   560
         Chain mail        |       |       |       |   308 |  1519 |    29 ||  1856
         Scale mail        |       |       |       |       |       |    71 ||    71
  Dodge: Dodged            |    44 |    30 |   106 |   274 |  1010 |    73 ||  1537
